AoeStats
← The Chinese are all stupid

Nomad

509871614Analyzed
4v4 RM · 2d ago on Sep 28, 2026· 21m 51s· 8 players
Game mode
Random Map
Map size
231×231
Population
200
Speed
Normal
Resources
Standard
Victory
Conquest
Starting age
Dark Age
Ending age
Imperial Age
RankedLock teamsTeams togetherTeam positionsShared explorationLock speedFull tech treeHidden civsTurbo modeCheats
Victory
Defeat
🇹🇼 Chinese · Taiwan
1470
+16
🇦🇺 Varangians · Australia
1455
+16
1397
+19
🇺🇸 Lithuanians · United States
1388
+19
🇩🇪 Vietnamese · Germany
1494
-19
🇨🇳 Spanish · China
1452
-17
🇷🇴 Franks · Romania
1441
-17
1440
-17
sjhgdtbr
3:04 Loom
14:09 Feudal Age
18:46 Castle Age
17:19 Town Watch
18:45 Double-Bit Axe
Ren
6:08 Loom
14:17 Feudal Age
18:00 Castle Age
17:15 Gold Mining
17:58 Double-Bit Axe
19:43 Bow Saw
19:22 Horse Collar
20:40 Padded Archer Armor
あおぞら ひかり
3:21 Loom
13:22 Feudal Age
13:47 Feudal Age
17:49 Castle Age
19:04 Double-Bit Axe
21:33 Fletching
Tsunade
4:46 Loom
13:30 Feudal Age
17:16 Fishing Lines
17:23 Double-Bit Axe
21:15 Castle Age
20:41 Horse Collar
20:52 Stone Mining
22:32 Bow Saw
22:24 Heavy Plow
MaXimus
5:16 Loom
5:26 Loom
13:34 Feudal Age
17:03 Castle Age
15:17 Double-Bit Axe
16:59 Fletching
18:30 Bow Saw
反派世界男主角
3:01 Loom
18:45 Feudal Age
19:43 Fishing Lines
19:56 Double-Bit Axe
The Chinese are all stupid
5:50 Loom
13:01 Feudal Age
17:12 Castle Age
16:15 Stone Mining
16:35 Double-Bit Axe
19:54 Fletching
1165498765132
3:08 Loom
13:56 Feudal Age
15:18 Double-Bit Axe
17:57 Castle Age
16:14 Horse Collar
16:30 Gold Mining
16:30 Stone Mining
16:48 Fishing Lines
19:12 Bow Saw
19:30 Heavy Plow
20:51 Gold Shaft Mining
20:52 Stone Shaft Mining
Connection lost

Rejoining the realm…

Still unreachable

The connection could not be restored.

Session expired

The server has moved on; the page needs a fresh start.